Map: [ESL] Inside and Out

Players

HeroMarine - Winner!

  • Race: Terran Terran
  • Spawn Location: 7:00

Lambo

  • Race: Zerg Zerg
  • Spawn Location: 1:00

Event: DreamHack SC2 Masters 2022 Valencia

VOD

Have the link to the VOD?

Description

Time

  • Played on: July 1, 2022, 1:42 p.m.
  • Length: 13:57

All games in this series

Show
View Real Time Build Order
Export as new Build Order

HeroMarine Terran - Winner!

Build Orders: Reaper Expand 

Get SALT Encoding   

  12  0:00  SCV  
  13  0:12  SCV  
  14  0:16  Supply Depot  
  14  0:24  SCV  
  15  0:38  SCV  
  15  0:40  Barracks  
  15  0:42  Refinery  
  16  0:50  SCV  
  17  1:02  SCV  
  18  1:14  SCV  
  19  1:26  Reaper  
  19  1:27  Orbital Command  
  20  1:38  Command Center  
  20  1:47  Supply Depot  
  20  1:52  SCV  
  21  1:58  Marine  
  22  2:04  SCV  
  22  2:07  Factory  
  23  2:11  Refinery  
  23  2:16  SCV, Marine  
  25  2:29  SCV  
  26  2:35  Barracks Reactor  
  26  2:41  SCV  
  27  2:51  Hellion, Starport  
  29  2:53  Orbital Command, SCV  
  30  3:05  SCV  
  31  3:11  Marine x2  
  31  3:12  Widow Mine  
  35  3:17  SCV  
  37  3:20  SCV  
  37  3:25  Supply Depot  
  37  3:29  SCV, Medivac  
  37  3:30  Marine x2  
  37  3:32  SCV  
  43  3:41  SCV  
  43  3:42  Factory Tech Lab  
  43  3:44  SCV  
  45  3:50  Command Center  
  45  3:53  SCV  
  46  3:56  SCV  
  46  3:57  Supply Depot  
  47  4:04  Barracks Tech Lab  
  47  4:05  SCV  
  47  4:08  SCV  
  49  4:12  Raven  
  49  4:13  Hellion  
  53  4:19  Hellion, SCV  
  53  4:20  SCV, Supply Depot  
  57  4:31  SCV  
  57  4:32  SCV  
  57  4:33  Stimpack  
  57  4:34  Hellion  
  61  4:42  Hellion  
  61  4:43  SCV  
  61  4:44  SCV  
  65  4:47  Supply Depot  
  65  4:50  Marine  
  66  4:55  SCV  
  66  4:56  Hellion, SCV  
  66  4:57  Barracks  
  66  4:59  Barracks  
  70  5:02  Starport Reactor  
  70  5:05  Orbital Command  
  70  5:08  Marine  
  70  5:11  Engineering Bay  
  70  5:12  Engineering Bay  
  71  5:14  SCV x2  
  71  5:15  Refinery  
  73  5:26  SCV x2, Marine  
  76  5:31  Refinery  
  76  5:38  SCV, Siege Tank  
  76  5:39  SCV  
  81  5:43  Marine  
  81  5:44  Starport Reactor  
  81  5:48  Barracks  
  82  5:50  Orbital Command  
  82  5:51  Barracks, SCV, Terran Infantry Armor Level 1, Terran Infantry Weapons Level 1  
  82  5:52  SCV  
  84  6:00  Marine, Supply Depot  
  84  6:01  Marine x4  
  84  6:03  SCV  
  84  6:04  SCV  
  91  6:07  Supply Depot  
  91  6:12  Combat Shield  
  91  6:15  SCV  
  91  6:16  SCV  
  93  6:21  SCV, Siege Tank, Marine x3  
  93  6:23  Supply Depot  
  100  6:27  SCV  
  100  6:28  Marine, SCV, Medivac x2  
  100  6:29  Marine  
  108  6:34  SCV  
  108  6:39  Barracks Reactor x2  
  109  6:43  Supply Depot  
  109  6:45  SCV x2, Marine x3  
  109  6:46  SCV, Marine x2  
  117  6:53  Missile Turret  
  117  6:57  Supply Depot  
  117  6:59  Missile Turret  
  117  7:00  Missile Turret  
  117  7:03  Supply Depot  
  117  7:05  SCV x3, Siege Tank, Marine x2  
  117  7:06  Armory  
  117  7:07  Marine x2  
  125  7:09  Refinery  
  125  7:14  Medivac, Marine  
  125  7:15  Medivac  
  130  7:17  SCV x3  
  130  7:21  Marine x3  
  130  7:22  Marine x3  
  137  7:25  Marine x2  
  137  7:29  SCV x3  
  144  7:31  Marine  
  144  7:35  Factory  
  144  7:36  Refinery  
  144  7:37  Supply Depot  
  144  7:39  Marine x4  
  144  7:40  Marine  
  149  7:47  Supply Depot  
  149  7:49  Supply Depot  
  149  7:56  Marine  
  149  7:57  Marine  
  149  7:58  Marine x2, Widow Mine  
  146  7:59  Command Center  
  146  8:00  Marine  
  143  8:06  SCV x2  
  143  8:07  SCV  
  143  8:08  Marine x2  
  143  8:10  Marine x2, Command Center  
  150  8:14  Marine  
  150  8:15  Terran Infantry Armor Level 2, Terran Infantry Weapons Level 2, Marine  
  150  8:16  Marine x2  
  150  8:17  Marine  
  150  8:19  Factory Reactor  
  155  8:25  Marine  
  155  8:26  Medivac x2, Marine  
  161  8:27  Marine  
  161  8:28  Marine  
  161  8:32  Marine  
  161  8:33  Marine  
  165  8:34  Drilling Claws, Marine x2, Widow Mine  
  165  8:35  Terran Vehicle And Ship Armor Level 1, Marine  
  167  8:43  Marine x2, Sensor Tower  
  168  8:49  Marine x2  
  170  8:56  SCV x2  
  170  8:57  SCV  
  170  9:00  Barracks, Supply Depot  
  170  9:01  Barracks, Marine  
  170  9:02  Medivac, Marine, Barracks  
  176  9:04  Marine  
  177  9:11  SCV  
  177  9:12  SCV  
  177  9:13  SCV  
  180  9:17  Marine  
  180  9:22  Marauder, Widow Mine x3  
  189  9:26  SCV x3  
  189  9:28  Marine  
  193  9:32  Marine  
  193  9:33  Marine x2  
  193  9:37  Medivac x2  
  200  9:48  Barracks Tech Lab, Marauder  
  200  9:49  Barracks Tech Lab x2  
  200  9:51  Marine  
  189  9:53  Marine  
  189  9:54  Marine  
  189  9:56  Marine x2  
  189  9:57  Marine x2  
  189  9:59  Widow Mine x2  
  199  10:00  Widow Mine  
  199  10:04  Marine  
  200  10:12  Planetary Fortress  
  199  10:14  Marine  
  200  10:26  Concussive Shells  
  188  10:36  Terran Infantry Weapons Level 3, Terran Infantry Armor Level 3  
  188  10:37  Marine, Marauder  
  188  10:40  Medivac x2, Widow Mine x2  
  188  10:41  Marine x2  
  188  10:42  Marauder x2  
  136  10:46  Marine x2  
  136  10:47  Marine x2, Widow Mine  
  136  10:48  Marauder  
  136  10:49  Marine  
  128  10:51  SCV x3  
  128  10:54  Marine  
  132  10:57  Orbital Command  
  132  10:58  Marauder  
  132  10:59  Marine x2  
  132  11:03  Marauder, Widow Mine  
  132  11:04  Marine x2  
  132  11:05  Marine  
  132  11:09  Marine  
  132  11:10  Marine x2, Marauder, Widow Mine  
  135  11:12  Marine  
  135  11:17  Marine x2  
  125  11:19  Widow Mine  
  125  11:20  Marauder  
  125  11:22  Marine x2  
  125  11:25  Marauder  
  131  11:27  Supply Depot  
  131  11:28  Marauder  
  131  11:30  Marine  
  134  11:34  Marine  
  134  11:35  Marine  
  134  11:36  Marauder  
  134  11:37  Marine  
  134  11:38  Marine  
  140  11:44  Marine  
  141  11:48  Marine, Marauder x2  
  141  11:49  Marine, Supply Depot x2  
  141  11:51  Widow Mine  
  149  11:56  Widow Mine  
  149  11:59  Marine x2, Marauder  
  149  12:00  Marine x3  
  156  12:02  Marine  
  156  12:03  Supply Depot x2  
  156  12:08  Marine  
  156  12:10  Marine x3  
  156  12:11  Marauder  
  156  12:16  Marine  
  156  12:17  Marine  
  156  12:19  Marine x2  
  156  12:20  Marine x2, Marauder  
  164  12:22  Medivac  
  164  12:23  Supply Depot, Medivac  
  164  12:24  Widow Mine  
  164  12:25  Supply Depot  
  164  12:26  Widow Mine  
  172  12:31  Marauder  
  172  12:34  Marine x2  
  166  12:40  Marine x2  
  166  12:41  Marauder  
  166  12:42  Marine x5  
  166  12:44  Marine  
  174  12:45  Widow Mine  
  172  12:51  Marine  
  172  12:52  Medivac  
  172  12:56  Marine x2  
  172  12:58  Marine x2  
  172  13:00  Marine x2  
  172  13:01  Marine, Marauder  
  172  13:02  Marauder  
  172  13:03  Widow Mine  
  182  13:07  Marauder  
  182  13:09  Marine  
  180  13:14  Marine, Marauder  
  171  13:22  Marauder  
  171  13:23  Marine x2  
  171  13:24  Marine, Marauder  
  170  13:28  Marine x2  
  170  13:30  Marauder  
  170  13:32  Marine  
  175  13:34  Marine  
Show
View Real Time Build Order
Export as new Build Order

Lambo Zerg 

Build Orders: Pool First 

Get SALT Encoding   

  12  0:00  Drone  
  13  0:12  Overlord  
  13  0:16  Drone  
  14  0:31  Drone x2  
  16  0:36  Drone  
  17  0:43  Spawning Pool  
  17  0:47  Drone  
  17  1:07  Hatchery  
  17  1:10  Drone  
  17  1:13  Drone  
  17  1:16  Extractor  
  17  1:19  Drone  
  18  1:29  Zergling x2  
  18  1:31  Queen  
  21  1:40  Overlord  
  21  1:49  Drone  
  22  2:00  Drone  
  23  2:07  Queen  
  25  2:11  Drone  
  26  2:17  Hatchery  
  26  2:20  Drone  
  26  2:26  Metabolic Boost  
  26  2:30  Drone  
  26  2:32  Drone  
  28  2:37  Drone  
  28  2:41  Drone x2  
  31  2:48  Queen  
  33  2:53  Overlord  
  33  2:55  Drone  
  33  2:58  Drone  
  35  3:00  Drone  
  36  3:13  Queen, Drone x4  
  36  3:17  Drone x2  
  44  3:22  Overlord  
  44  3:28  Queen  
  46  3:35  Queen, Overlord  
  46  3:39  Zergling x4  
  50  3:43  Zergling x4  
  50  3:48  Drone x3  
  55  3:51  Overlord  
  55  3:55  Drone  
  55  3:56  Drone x3  
  55  3:59  Drone x2  
  55  4:02  Overlord  
  61  4:09  Zergling x4  
  63  4:13  Queen  
  64  4:18  Drone x2  
  66  4:24  Overlord  
  66  4:26  Overlord  
  66  4:28  Queen x2  
  72  4:31  Drone x2  
  72  4:33  Drone  
  73  4:43  Spore Crawler  
  72  4:46  Spore Crawler  
  72  4:47  Drone x7  
  72  4:48  Spore Crawler  
  72  4:51  Evolution Chamber  
  72  4:52  Drone  
  77  4:53  Evolution Chamber  
  77  4:54  Drone  
  77  4:57  Drone x2  
  77  4:58  Zergling x2  
  80  5:02  Zergling x4  
  80  5:06  Drone x4  
  86  5:08  Queen  
  89  5:17  Extractor  
  89  5:18  Extractor  
  89  5:20  Overlord  
  87  5:22  Overlord  
  87  5:23  Drone x2  
  87  5:25  Overlord  
  87  5:28  Overlord, Hatchery  
  88  5:29  Drone  
  87  5:36  Drone x2  
  87  5:39  Queen  
  87  5:41  Drone x5  
  96  5:44  Drone x3  
  96  5:47  Zerg Melee Weapons Level 1, Zerg Ground Armor Level 1  
  97  5:54  Lair  
  97  5:55  Queen  
  99  6:00  Overlord, Drone x3  
  102  6:05  Extractor  
  102  6:06  Zergling x8  
  102  6:10  Zergling x10  
  106  6:15  Queen  
  108  6:21  Overlord  
  108  6:24  Zergling x8  
  112  6:28  Hatchery  
  112  6:31  Drone x4, Queen  
  112  6:32  Drone  
  118  6:38  Zergling x6  
  121  6:46  Drone  
  122  6:50  Overlord  
  122  6:51  Zergling x14  
  122  6:53  Zergling x2  
  130  7:02  Zergling x4  
  132  7:09  Zergling x6  
  135  7:16  Hatchery  
  135  7:17  Zergling x18  
  135  7:19  Spore Crawler  
  135  7:22  Baneling Nest, Zergling x4  
  144  7:23  Overlord x2  
  142  7:38  Zergling x2  
  142  7:40  Overlord  
  142  7:41  Overlord x2  
  143  7:45  Zerg Ground Armor Level 2, Zerg Melee Weapons Level 2  
  143  7:47  Overlord  
  143  7:48  Overlord  
  143  7:50  Overlord  
  143  7:51  Zergling x20  
  140  8:02  Zergling x12  
  135  8:06  Zergling x8  
  135  8:07  Centrifugal Hooks  
  135  8:09  Zergling x2  
  132  8:12  Zergling x2  
  132  8:13  Zergling x10, Baneling  
  132  8:14  Baneling x9  
  132  8:17  Zergling x12  
  143  8:21  Zergling x2  
  143  8:26  Overseer  
  142  8:27  Pneumatized Carapace  
  142  8:29  Zergling x8  
  142  8:32  Baneling  
  142  8:33  Baneling x3  
  146  8:36  Overlord  
  146  8:38  Drone x6  
  152  8:45  Zergling x16  
  160  8:50  Overseer  
  160  8:51  Overlord, Hatchery  
  160  8:52  Zergling x6  
  157  8:58  Zergling x6  
  160  9:03  Spore Crawler  
  160  9:07  Overlord  
  159  9:11  Baneling x6, Zergling x10  
  159  9:13  Hatchery  
  159  9:14  Zergling x4  
  165  9:20  Zergling x12  
  165  9:23  Zergling x8  
  167  9:28  Zergling x10  
  167  9:30  Baneling x4  
  172  9:38  Zergling x12  
  177  9:46  Zergling x14  
  179  9:56  Zergling x14  
  183  10:01  Overlord  
  183  10:03  Zergling x4  
  183  10:04  Baneling x2  
  183  10:05  Baneling x11  
  184  10:16  Baneling x17  
  184  10:17  Zergling x26  
  197  10:22  Zergling x6  
  181  10:35  Zergling x14  
  181  10:40  Zergling x14  
  151  10:43  Zergling x2  
  151  10:48  Infestation Pit  
  151  10:49  Zergling x6  
  140  10:51  Queen, Zergling x2  
  140  10:54  Zergling x4  
  140  10:55  Zergling x6  
  141  10:57  Zergling x2  
  141  11:01  Zergling x2  
  141  11:02  Zergling x4  
  136  11:06  Zergling x10  
  136  11:11  Zergling x6  
  135  11:14  Zergling x4  
  120  11:20  Zergling x6  
  120  11:22  Zergling x6  
  123  11:26  Drone x2  
  123  11:29  Zergling x8  
  123  11:31  Hive  
  123  11:32  Drone x2, Overseer  
  129  11:34  Baneling x20  
  129  11:37  Zergling x12  
  135  11:42  Zergling x4  
  138  11:47  Zergling x6  
  138  11:49  Drone  
  138  11:52  Zergling x8  
  145  11:56  Drone x4  
  149  12:01  Hatchery  
  149  12:02  Spore Crawler  
  149  12:04  Overlord  
  149  12:07  Zergling x16  
  152  12:10  Zergling x4  
  145  12:16  Zergling x10  
  143  12:22  Zergling x2  
  143  12:23  Zergling x4  
  143  12:24  Zergling x14  
  143  12:28  Zergling x2  
  150  12:30  Zergling x2  
  150  12:32  Zergling x4  
  150  12:34  Zergling x6  
  141  12:45  Zergling x12  
  141  12:52  Zergling x14  
  141  12:56  Zergling x2  
  141  12:57  Zergling x8  
  150  13:00  Baneling x9  
  150  13:01  Drone x6  
  154  13:07  Zergling x4  
  154  13:12  Zergling x8  
  151  13:13  Baneling x8  
  151  13:18  Zergling x2  
  151  13:19  Zergling x10  
  138  13:20  Zergling x2  
  138  13:21  Zergling x2  
  138  13:24  Zergling x10  
  140  13:31  Zergling x14  
  140  13:33  Baneling x5  
  142  13:40  Zergling x8  

Tags
 
Add a new tag
Caveats
  • Supply blocks, unpowered buildings, or Contaminate may cause inaccurate times.
  • Supply counts are checked every 10 seconds.